 Dungeon Crawl Stone Soup version 0.27-a0-1378-gdefffd1ff6 (webtiles) character file.

Game seed: 7434794469503917416

190 bilbop the Caller (level 5, -4/29 HPs)
             Began as a Deep Elf Summoner on June 29, 2021.
             Slain by a wolf (7 damage)
             ... led by Grum
             ... on level 8 of the Dungeon.
             The game lasted 00:24:10 (4737 turns).

bilbop the Caller (Deep Elf Summoner)               Turns: 4737, Time: 00:24:10

Health: -4/29      AC:  2    Str:  5    XL:     5   Next: 41%
Magic:  12/13      EV: 13    Int: 20    God:
Gold:   165        SH:  0    Dex: 16    Spells: 6/12 levels left

rFire    . . .     SeeInvis .   a - +0 dagger (venom)
rCold    . . .     Faith    .   (no shield)
rNeg     . . .     Spirit   .   d - +0 robe
rPois    .         Reflect  .   (no helmet)
rElec    .         Harm     .   (no cloak)
rCorr    .         Rampage  .   (no gloves)
Will     .....                  (no boots)
Stlth    +++.......             (no amulet)
HPRegen  0.09/turn              (no ring)
MPRegen  0.13/turn              (no ring)

@: lethally poisoned (-4 -> -9), slowed, very slow
A: no striking features
a: no special abilities


You were on level 8 of the Dungeon.
You visited 1 branch of the dungeon, and saw 6 of its levels.

You collected 165 gold pieces.

Inventory:

Hand Weapons
 a - a +0 dagger of venom (weapon)
 m - a +0 dagger
 q - a +1 dagger of pain
Armour
 d - a +0 robe (worn)
Wands
 n - a wand of charming (8)
Scrolls
 b - 2 scrolls of amnesia {unknown}
 f - 4 scrolls of identify {unknown}
 g - 2 scrolls of enchant armour {unknown}
 h - 2 scrolls of fog {unknown}
 k - a scroll of immolation {unknown}
Potions
 c - a potion of berserk rage {unknown}
 e - a potion of curing {unknown}
 i - 2 potions of might {unknown}
 j - a potion of mutation {unknown}
 l - a potion of degeneration {unknown}
 o - a potion of lignification {unknown}
 p - 2 potions of flight {unknown}


   Skills:
 + Level 1.5 Fighting
 + Level 1.9 Short Blades
 + Level 3.4 Dodging
 + Level 3.6 Stealth
 + Level 4.1 Spellcasting
 + Level 5.0 Summonings


You had 6 spell levels left.
You knew the following spells:

 Your Spells              Type           Power      Damage    Failure   Level
a - Summon Small Mammal   Summ           96%        N/A       1%          1
b - Call Imp              Summ           24%        N/A       2%          2
c - Call Canine Familiar  Summ           24%        N/A       4%          3

Your spell library contained the following spells:

 Spells                   Type           Power      Damage    Failure   Level
 Summon Guardian Golem    Hex/Summ       14%        N/A       14%         3
 Summon Ice Beast         Ice/Summ       14%        N/A       41%         4
 Summon Lightning Spire   Summ/Air       14%        N/A       41%         4


Dungeon Overview and Level Annotations

Branches:
Dungeon (5/15)
 Temple: D:4-7

Altars:

Shops:
D:1 (

Annotations:
D:8 Grum


Message History

You see here a dart slug corpse.
You swap places.
You fall into a shaft and drop 3 floors!
The shaft crumbles and collapses.
A wolf comes into view.
The wolf howls!
You hear a howl! x2
A bullfrog comes into view.
The bullfrog croaks.
You hear a shout! x5
An acid dragon and Grum come into view.
A wolf comes into view.
Grum moves out of view.
The acid dragon moves out of view.
An orc warrior comes into view. It is wielding a +0 mace.
A beastly little devil appears in a puff of frigid air.
The wolf bites you!
Found 12 gold pieces.
Found a stone staircase leading down.
Your white imp completely misses the wolf.
Found a stone staircase leading up.
A kobold brigand comes into view.
It is wielding a +1 short sword of protection and quivering curare-tipped darts.
The wolf bites your white imp. The wolf barely misses your white imp.
Your white imp closely misses the wolf. 2 kobolds come into view.
The wolf bites your white imp!
Your white imp dies! 2 kobolds come into view.
A kobold is wielding a +0 whip and quivering poisoned darts.
Found an escape hatch in the ceiling.
The kobold brigand throws a curare-tipped dart.
The curare-tipped dart hits you.
You are poisoned.
You have difficulty breathing.
You feel yourself slow down.
A kobold comes into view. It is wielding a +0 whip.
The bullfrog snags a nearby butterfly with its tongue.
* * * LOW HITPOINT WARNING * * *
You feel very sick.
The kobold brigand throws a curare-tipped dart.
The curare-tipped dart closely misses you.
The wolf bites you.
* * * LOW HITPOINT WARNING * * *
The wolf bites you!
You die...

. #...$....... ..
#.........# #.#
#.........### #..#
#........... ....#
#........#
.....######......#
#......o..h.###
....#..#####....######..
........# #...h@>......
.....F...# #...F#####...
..............K...
..........KK.<..###
............K...#
...o.......K.....
..D........####..# .<..
##.#


You could see an orc warrior, a kobold brigand, 2 wolves, a bullfrog and 4
kobolds.

Vanquished Creatures
  A howler monkey zombie (D:3)
  An orc (D:2)
  2 giant cockroaches (D:3)
  3 goblins
  2 hobgoblins
  A jackal (D:2)
  A kobold (D:1)
  A quokka (D:4)
  A ball python (D:2)
  A bat (D:2)
  A frilled lizard (D:3)
15 creatures vanquished.

Vanquished Creatures (collateral kills)
  A water moccasin skeleton (D:5)
  2 hounds
  A jelly (D:4)
  An iguana (D:5)
  3 gnolls
  6 adders
  An adder skeleton (D:3)
  A worm (D:5)
  3 dart slugs
  6 orcs
  6 ball pythons
  2 bats (D:2)
  5 endoplasms
  A giant cockroach (D:3)
  A goblin (D:3)
  4 hobgoblins
  4 jackals (D:2)
  2 quokkas
  2 frilled lizards (D:1)
  8 kobolds
  A rat (D:2)
61 creatures vanquished.

Grand Total: 76 creatures vanquished

Notes
Turn   | Place    | Note
-------+----------+-------------------------------------------
     0 | D:1      | bilbop the Deep Elf Summoner began the quest for the Orb.
     0 | D:1      | Reached XP level 1. HP: 10/10 MP: 6/6
    37 | D:1      | Found a faded altar of an unknown god.
    58 | D:1      | Found Sunozxo's Weapon Shoppe.
   493 | D:1      | Reached XP level 2. HP: 15/15 MP: 4/8
  1782 | D:2      | Reached XP level 3. HP: 20/20 MP: 9/9
  1795 | D:2      | Learned a level 2 spell: Call Imp
  2478 | D:3      | Reached skill level 1 in Short Blades
  2925 | D:3      | Reached skill level 1 in Fighting
  3437 | D:3      | Reached XP level 4. HP: 25/25 MP: 3/11
  4035 | D:5      | Entered Level 5 of the Dungeon
  4234 | D:5      | Reached skill level 5 in Summonings
  4234 | D:5      | Reached XP level 5. HP: 29/29 MP: 6/12
  4238 | D:5      | Learned a level 3 spell: Call Canine Familiar
  4387 | D:5      | Upgraded the game from 0.27-a0-1359-ga2a4dfd6fd to
                  | 0.27-a0-1378-gdefffd1ff6
  4725 | D:5      | You fall into a shaft and drop 3 floors!
  4725 | D:8      | Noticed a wolf
  4726 | D:8      | Noticed Grum
  4726 | D:8      | Noticed an acid dragon
  4726 | D:8      | Noticed a wolf
  4727 | D:8      | Noticed an orc warrior
  4737 | D:8      | Slain by a wolf

Illustrated notes

Levels and vault maps discovered:
D:1:      saegor_arrival_simple_c, layout_rooms, shapermc_ecumenical_altar_venn,
          serial_shops, nicolae_diamond_shop, chequers_serial_rivers_micro_e,
          minmay_ruptured
D:2:      minmay_kobold_bridge, layout_loops_ring
D:3:      layout_loops_ring, minmay_misc_feat_secret_circle,
          serial_bayou_pond_c, st_stairs_1, chequers_serial_rivers_large_b
D:4:      layout_basic, ebering_ghost_disaster_area, serial_bayou_pond_b
D:5:      layout_basic, zin_angel
D:8:      layout_rooms, uniq_grum

Skill      XL: |  1  2  3  4  5 |
---------------+----------------+-----
Stealth        | 3 |  3.6
Short Blades   | 1 |  1.9
Dodging        | 3 |  3.4
Fighting       | 1 |  1.5
Summonings     | 5 |  5.0
Spellcasting   | 4 |  4.1

Action                   |  1- 3 |  4- 6 || total
-------------------------+-------+-------++-------
Melee: Dagger            |    59 |    21 ||    80
 Cast: Summon Small Mamm |    50 |       ||    50
       Call Imp          |    30 |    36 ||    66
 Stab: Sleeping          |     7 |     1 ||     8
       Distracted        |     2 |       ||     2
Armor: Robe              |    20 |     1 ||    21
Dodge: Dodged            |    66 |    22 ||    88

Table legend: (Time is in decaauts)
 A = Elapsed time spent in this place.
 B = Non-inter-level travel time spent in this place.
 C = Inter-level travel time spent in this place.
 D = Time resting spent in this place.
 E = Time spent auto-exploring this place.
 F = Levels seen in this place.
 G = Mean time per level.
                   A        B        C        D        E       F      G
               +--------+--------+--------+--------+--------+-----+--------+
         Total |   4767 |   4692 |     75 |    300 |   3691 |   6 |  794.5 |
       Dungeon |   4767 |   4692 |     75 |    300 |   3691 |   6 |  794.5 |
               +--------+--------+--------+--------+--------+-----+--------+

Top non-repeatable levels by time:
     D:2: 1532 daAuts
     D:3: 1178 daAuts
     D:1: 918 daAuts
     D:5: 689 daAuts
     D:4: 437 daAuts
     D:8: 11 daAuts
